 Dungeon Crawl Stone Soup version 0.31-a0-210-gccc998df9b (webtiles) character file.

Game seed: 14411932496022851919

2285945 coffeetime the Conqueror (level 25, 119/231 HPs)
             Began as a Minotaur Fighter on June 29, 2023.
             Was a High Priest of Okawaru.
             Escaped with the Orb
             ... and 4 runes on June 30, 2023!
             The game lasted 07:13:33 (69827 turns).

coffeetime the Conqueror (Minotaur Fighter)        Turns: 69827, Time: 07:13:34

Health: 119/231    AC: 54    Str: 31    XL:     25   Next: 69%
Magic:  41/41      EV: 17    Int:  9    God:    Okawaru [*****.]
Gold:   6589       SH: 38    Dex: 20    Spells: 24/24 levels left

rFire   + + .        a - +9 morningstar of the Vendetta {holy, rElec rF+ Str+3 Int+3}
rCold   + . .        Q - +10 tower shield of Ignorance {rN+ Int-4}
rNeg    + + +        X - +11 crystal plate armour "Biutoz" {rElec rF- rN++ Dex+2}
rPois   +            k - +1 hat "Ozorgh" {rCorr}
rElec   +            u - +0 cloak "Miphunaf" {rN+ Int+2 Dex+3 SInv}
rCorr   +            t - +0 pair of gloves of the Lair of Beasts {rF+ rC+ MP+9}
SInv    +            q - +2 pair of boots of Reason {rPois SInv}
Will    ++...        O - amulet of Mejeth {Reflect rF+ SH+5} Stlth
                     D - ring "Gyse Ife" {Ice rPois rN+ Slay+3}
HPRegen 0.58/turn    G - ring of Butchery {Fire Will+ Int+3 Stlth+}
MPRegen 0.27/turn

%: reflection
@: studying 2 skills
A: horns 2, retaliatory headbutt, iridescent scales 2, frail 1, high MP 1,
mutation resistance 1, poison resistance, inhibited regeneration, subdued magic
1
0: Orb of Zot
}: 4/15 runes: serpentine, barnacled, slimy, silver
a: Renounce Religion, Heroism, Finesse, Duel


You escaped.
You worshipped Okawaru.
Okawaru was extremely pleased with you.
You visited 11 branches of the dungeon, and saw 53 of its levels.
You visited 1 bazaar.
You also visited: Trove and Ice Cave.

You collected 10122 gold pieces.
You spent 3533 gold pieces at shops.

Inventory:

Hand Weapons
 a - the +9 morningstar of the Vendetta (weapon) {holy, rElec rF+ Str+3 Int+3}
   (Okawaru gifted it to you on level 2 of the Orcish Mines)

   Str:       It affects your strength (+3).
   Int:       It affects your intelligence (+3).
   rF:        It protects you from fire.
   rElec:     It insulates you from electricity.
 Y - the +8 flail of Pandemonium {antimagic, rElec}
   (Okawaru gifted it to you on level 5 of the Vaults)

   rElec:     It insulates you from electricity.
Missiles
 S - 10 javelins
 V - 17 silver javelins (quivered)
 W - 24 boomerangs
 Z - 7 throwing nets
Armour
 k - the +1 hat "Ozorgh" (worn) {rCorr}
   (You acquired it on level 3 of the Lair of Beasts)

   rCorr:     It protects you from acid and corrosion.
 q - the +2 pair of boots of Reason (worn) {rPois SInv}
   (You found it on level 5 of the Realm of Zot)

   rPois:     It protects you from poison.
   SInv:      It lets you see invisible.
 t - the +0 pair of gloves of the Lair of Beasts (worn) {rF+ rC+ MP+9}
   (You found it on level 3 of the Elven Halls)

   rF:        It protects you from fire.
   rC:        It protects you from cold.
   MP:        It affects your magic capacity (+9).
 u - the +0 cloak "Miphunaf" (worn) {rN+ Int+2 Dex+3 SInv}
   (Okawaru gifted it to you on level 4 of the Snake Pit)

   Int:       It affects your intelligence (+2).
   Dex:       It affects your dexterity (+3).
   rN:        It protects you from negative energy.
   SInv:      It lets you see invisible.
 Q - the +10 tower shield of Ignorance (worn) {rN+ Int-4}
   (You found it in a treasure trove)

   Int:       It affects your intelligence (-4).
   rN:        It protects you from negative energy.
 X - the +11 crystal plate armour "Biutoz" (worn) {rElec rF- rN++ Dex+2}
   (You found it on level 5 of the Vaults)

   Dex:       It affects your dexterity (+2).
   rF:        It makes you vulnerable to fire.
   rElec:     It insulates you from electricity.
   rN:        It greatly protects you from negative energy.
Jewellery
 b - a ring of ice
 h - a ring of willpower
 p - the ring "Quekun" {Will+ Int+4 Dex-3}
   (You took it off a fire giant on level 5 of the Vaults)

   [ring of willpower]

   Int:       It affects your intelligence (+4).
   Dex:       It affects your dexterity (-3).
   Will:      It increases your willpower.
 C - a ring of positive energy
 D - the ring "Gyse Ife" (left hand) {Ice rPois rN+ Slay+3}
   (You bought it in a shop on level 6 of the Dungeon)

   [ring of ice]

   It enhances your ice magic.
   Slay:      It affects your accuracy & damage with ranged weapons and melee
   (+3).
   rF:        It makes you vulnerable to fire.
   rC:        It protects you from cold.
   rPois:     It protects you from poison.
   rN:        It protects you from negative energy.
 G - the ring of Butchery (right hand) {Fire Will+ Int+3 Stlth+}
   (You found it on level 11 of the Dungeon)

   [ring of fire]

   It enhances your fire magic.
   Int:       It affects your intelligence (+3).
   rF:        It protects you from fire.
   rC:        It makes you vulnerable to cold.
   Will:      It increases your willpower.
   Stlth:     It makes you more stealthy.
 O - the amulet of Mejeth (around neck) {Reflect rF+ SH+5}
   (You bought it in a shop on level 3 of the Elven Halls)

   [amulet of reflection]

   It reflects blocked missile attacks.
   rF:        It protects you from fire.
   SH:        It affects your SH (+5).
 P - the ring of Descent {Fly rC+ Int+6 Dex+3}
   (You found it on level 3 of the Vaults)

   [ring of intelligence]

   Int:       It affects your intelligence (+6).
   Dex:       It affects your dexterity (+3).
   rC:        It protects you from cold.
   Fly:       It grants you flight.
Wands
 d - a wand of digging (14)
 v - a wand of roots (50)
 E - a wand of polymorph (48)
 I - a wand of mindburst (46)
 M - a wand of light (21)
Scrolls
 i - a scroll of torment
 l - 6 scrolls of revelation
 m - 8 scrolls of enchant armour
 n - a scroll of enchant weapon
 r - 6 scrolls of vulnerability
 x - 10 scrolls of teleportation
 A - 5 scrolls of fear
 B - 9 scrolls of poison
 F - 2 scrolls of butterflies
 H - 2 scrolls of fog
 J - 4 scrolls of blinking
 T - 2 scrolls of silence
Potions
 c - 2 potions of magic
 e - 6 potions of cancellation
 f - 3 potions of heal wounds
 j - 5 potions of mutation
 o - 4 potions of berserk rage
 y - 11 potions of lignification
 z - 7 potions of curing
 K - 12 potions of attraction
 N - 4 potions of ambrosia
 R - 4 potions of invisibility
 U - 5 potions of enlightenment


   Skills:
 O Level 27 Fighting
 - Level 21.6 Maces & Flails
 - Level 3.0 Polearms
 - Level 18.0 Throwing
 + Level 25.0 Armour
 * Level 17.4 Dodging
 - Level 6.0 Stealth
 - Level 21.0 Shields
 - Level 10.0 Invocations
 - Level 10.0 Evocations


You had 24 spell levels left.
You didn't know any spells.
Your spell library contained the following spells:

 Spells                   Type           Power      Damage    Failure   Level
 Apportation              Tloc           0%         N/A       97%         1
 Foxfire                  Conj/Fire      0%         2x1d4     97%         1
 Magic Dart               Conj           0%         1d3       97%         1
 Necrotise                Necr           0%         1d4       97%         1
 Sandblast                Erth           0%         2d4       97%         1
 Sting                    Tmut/Pois      0%         1d3       97%         1
 Cigotuvi's Dreadful Rot  Necr/Pois/Air  0%         N/A       99%         2
 Ensorcelled Hibernation  Hex/Ice        0%         N/A       99%         2
 Lesser Beckoning         Tloc           0%         N/A       99%         2
 Passwall                 Tmut/Erth      0%         N/A       99%         2
 Poisonous Vapours        Pois/Air       0%         N/A       99%         2
 Static Discharge         Conj/Air       0%         2-2/arc   99%         2
 Sublimation of Blood     Necr           0%         N/A       99%         2
 Wereblood                Tmut           0%         N/A       99%         2
 Dazzling Flash           Conj/Hex       0%         N/A       100%        3
 Gell's Gravitas          Tloc           0%         N/A       100%        3
 Hailstorm                Conj/Ice       0%         3d3       100%        3
 Ignite Poison            Fire/Tmut/Pois 0%         N/A       100%        3
 Inner Flame              Hex/Fire       0%         N/A       100%        3
 Mephitic Cloud           Conj/Pois/Air  0%         N/A       100%        3
 Ozocubu's Armour         Ice            0%         N/A       100%        3
 Portal Projectile        Hex/Tloc       0%         N/A       100%        3
 Spider Form              Tmut/Pois      0%         N/A       100%        3
 Stone Arrow              Conj/Erth      0%         3d7       100%        3
 Teleport Other           Tloc           0%         N/A       100%        3
 Vampiric Draining        Necr           0%         2d6       100%        3
 Volatile Blastmotes      Fire/Tloc      0%         2d10      100%        3
 Anguish                  Hex/Necr       0%         N/A       100%        4
 Cause Fear               Hex            0%         N/A       100%        4
 Dispel Undead            Necr           0%         3d6       100%        4
 Flame Wave               Conj/Fire      0%         2d4       100%        4
 Ice Form                 Ice/Tmut       0%         N/A       100%        4
 Iskenderun's Mystic Bla  Conj/Tloc      0%         2d3       100%        4
 Leda's Liquefaction      Hex/Erth       0%         N/A       100%        4
 Olgreb's Toxic Radiance  Pois           0%         N/A       100%        4
 Passage of Golubria      Tloc           0%         N/A       100%        4
 Petrify                  Tmut/Erth      0%         N/A       100%        4
 Sticky Flame             Conj/Fire      0%         2d3       100%        4
 Agony                    Necr           0%         N/A       100%        5
 Alistair's Intoxication  Tmut/Pois      0%         N/A       100%        5
 Blade Hands              Tmut           0%         N/A       100%        5
 Fireball                 Conj/Fire      0%         3d3       100%        5
 Freezing Cloud           Conj/Ice/Air   0%         6-21      100%        5
 Irradiate                Conj/Tmut      0%         3d11      100%        5
 Iskenderun's Battlesphe  Conj           0%         2d6       100%        5
 Lee's Rapid Deconstruct  Erth           0%         3d4*      100%        5
 Metabolic Englaciation   Hex/Ice        0%         N/A       100%        5
 Silence                  Hex/Air        0%         N/A       100%        5
 Conjure Ball Lightning   Conj/Air       0%         3x3d6     100%        6
 Leda's Unmaking          Conj/Erth      0%         9d1       100%        6
 Plasma Beam              Fire/Air       0%         2x1d10    100%        6
 Starburst                Conj/Fire      0%         6d3       100%        6
 Statue Form              Tmut/Erth      0%         N/A       100%        6
 Dragon Form              Tmut           0%         N/A       100%        7
 Storm Form               Tmut/Air       0%         N/A       100%        7
 Discord                  Hex            0%         N/A       100%        8
 Disjunction              Tloc           0%         N/A       100%        8
 Ignition                 Fire           0%         3d3       100%        8
 Lehudib's Crystal Spear  Conj/Erth      0%         10d2      100%        8
 Maxwell's Capacitive Co  Air            0%         ∞         100%        8
 Call Imp                 Summ           Unusable   N/A       N/A         2
 Call Canine Familiar     Summ           Unusable   N/A       N/A         3
 Summon Forest            Summ/Tloc      Unusable   N/A       N/A         5
 Death Channel            Necr           Unusable   N/A       N/A         6
 Simulacrum               Ice/Necr       Unusable   N/A       N/A         6
 Spellforged Servitor     Conj/Summ      Unusable   N/A       N/A         7
 Summon Hydra             Summ           Unusable   N/A       N/A         7

Dungeon Overview and Level Annotations

Branches:
Dungeon (15/15)            Temple (1/1) D:4            Lair (5/5) D:9
 Shoals (4/4) Lair:2        Snake (4/4) Lair:2        Slime (5/5) Lair:5
    Orc (2/2) D:12            Elf (3/3) Orc:2        Vaults (5/5) D:14
  Crypt (0/3) Vaults:3     Depths (4/4) D:15            Zot (5/5) Depths:4
  IceCv (visited)

Altars:
Ashenzari
Cheibriados
Dithmenos
Elyvilon
Fedhas
Gozag
Hepliaklqana
Kikubaaqudgha
Makhleb
Nemelex Xobeh
Okawaru
Qazlal
Ru
Sif Muna
Trog
Uskayaw
Vehumet
Wu Jian
Xom
Yredelemnul
Zin
The Shining One
Lugonu

Shops:
D:6 =   Orc:2 ?!?*!   Elf:1 *(((   Elf:3 ?::=   Shoals:4 =((   Snake:3 *=*
Vaults:1 [   Vaults:3 [*   Depths:2 !

Portals:
Hell: Depths:1 Depths:2 Depths:3 Depths:4
Abyss: Depths:1 Depths:3
Pandemonium: Depths:2
Ziggurat: Depths:2

Annotations:
Lair:4 2 transporters, Jyudgh's ghost, journeyman DjCj
Depths:2 1 transporter, Sojobo
Zot:3 exclusion: lightning spire


Innate Abilities, Weirdness & Mutations

You have a pair of horns on your head.
You reflexively headbutt those who attack you in melee.
You are mostly covered in iridescent scales. (AC +4)
You are frail. (-10% HP)
You have an increased reservoir of magic. (+10% MP)
You are somewhat resistant to further mutation.
Your system is resistant to poisons. (rPois)
You do not regenerate when monsters are visible.
Your spells are a little easier to cast, but a little less powerful.


Message History

The tormentor calls on the powers of darkness!
Your body is wracked with pain!
Blink to where?
Press: ? - help, Dir - move target
As you read the scroll of blinking, it crumbles to dust.
There is an escape hatch in the ceiling here.
A mysterious force pulls you upwards. The hatch slams shut behind you.
You fade into invisibility!
An Ice Fiend comes into view.
You sock the Ice Fiend!
The Ice Fiend convulses!
You headbutt the Ice Fiend, but do no damage.
The Ice Fiend is moderately wounded.
You hit the Ice Fiend.
The Ice Fiend convulses.
You headbutt the Ice Fiend!
The Ice Fiend is moderately wounded.
You block the Ice Fiend's attack. x2
You sock the Ice Fiend!
The Ice Fiend convulses.
The Ice Fiend is severely wounded.
You block the Ice Fiend's attack. x2
You barely miss the Ice Fiend.
The Ice Fiend is severely wounded.
You impale the Ice Fiend!!
The Ice Fiend convulses!!!
You kill the Ice Fiend!
Okawaru accepts your kill.
Aiming: Dig
Press: ? - help, Shift-Dir - straight line You can't see that place. [the floor.]
The rock shatters into small pieces.
You flicker for a moment.
There is a stone staircase leading down here.
Aiming: Dig
Press: ? - help, Shift-Dir - straight line You can't see that place. [a staircase leading out of the dungeon.]
The rock shatters into small pieces.
You flicker back into view.
There is an escape hatch in the floor here.
There is a staircase leading out of the dungeon here.
You can't go down here!
You have escaped!

.#####...#####># #.##....#
.#####...# #.# #.###.#.#
.##.....######.# #.# #.#.#
###.####.......# #.# #.#.# #.#
#.#####.########.###.#.# #.#
#.##.............##..#.# #.#
#.##.###...####..##.##.# #.#
#.##.# #.>..# #..##.##.# #.#
#.##.# ##@#.# #..##.##.# #.#
#.##.# #....# #..##.##.# #.#
#....# #.#..# #........# #.#
###### #...## #.###.[.#### #.#
##### #...........
###.######################...####
.....................# #...####
##..################># #.......
##..#..............#.# ##..####


There were no monsters in sight!

Vanquished Creatures
  the Royal Jelly (Slime:5)
  6 ancient liches
  3 dread liches
  8 orbs of fire
  Boris (Depths:4)
  Vv (Depths:4)
  Vashnia (Snake:3)
  A curse toe (Zot:5)
  Saint Roka (Elf:2)
  3 Killer Klowns (Zot:5)
  The ghost of Futuid the Convoker, a veteran MfSu of Gozag (Depths:4)
  6 golden dragons
  Nikola (Vaults:2)
  A bone dragon (Depths:4)
  4 electric golems
  11 tentacled monstrosities
  Mlioglotl (Shoals:2)
  25 Orb Guardians (Zot:5)
  3 deep elf blademasters
  A titan (Vaults:5)
  An Ice Fiend (D:1)
  10 quicksilver dragons
  Asterion (Elf:1)
  2 liches
  17 acid blobs
  4 deep elf master archers
  The ghost of Naox the Unseen, an adept KoAr of Uskayaw (Vaults:2)
  Frances (D:12)
  8 tengu reavers
  Polyphemus (Shoals:3)
  6 sphinxes
  The ghost of porpoise the Marksfrog, an adept BaHu of Hepliaklqana (Snake:1)
  5 death cobs
  5 draconian monks
  Kirke (Shoals:3)
  Roxanne (Elf:1)
  6 nagarajas (Snake:4)
  9 azure jellies
  3 shadow dragons
  8 storm dragons
  5 frost giants
  2 fire giants
  6 rockslimes
  An iron dragon (Vaults:5)
  7 draconian knights
  12 vault wardens
  7 deep elf sorcerers
  A balrug (Depths:2)
  A ghost moth (Zot:2)
  Louise (Shoals:3)
  6 deep elf elementalists
  5 orc warlords
  4 draconian stormcallers
  11 draconian shifters
  3 draconian scorchers
  4 draconian annihilators
  14 ironbound preservers
  A reaper (D:8)
  11 quicksilver oozes
  2 spriggan defenders (Depths:3)
  5 formless jellyfish
  17 very ugly things
  5 war gargoyles (Vaults:5)
  9 ironbound thunderhulks
  An elemental wellspring (Shoals:3)
  11 green draconians
  13 stone giants
  14 black draconians
  3 vampire knights
  3 deep elf demonologists
  10 purple draconians
  8 yellow draconians
  2 lorocyprocas (Depths:3)
  10 deep elf annihilators
  A dire elephant (Vaults:3)
  4 spark wasps (Depths:3)
  4 red draconians
  7 white draconians
  2 eidola (Vaults:3)
  10 ettins
  3 deep elf death magi
  6 fire dragons
  6 jiangshi
  6 merfolk javelineers
  11 great orbs of eyes
  6 merfolk impalers (Shoals:4)
  Fannar (D:12)
  2 deep elf high priests (Elf:3)
  13 yaktaur captains
  34 vault guards
  6 hydras
  An entropy weaver (Vaults:4)
  5 ice dragons
  6 salamander tyrants (Snake:4)
  A hell beast (Depths:3)
  A rakshasa (D:14)
  3 ogre magi
  6 ironbound frosthearts
  17 anacondas
  9 merfolk aquamancers
  4 boulder beetles
  2 merfolk avatars
  16 centaur warriors
  A catoblepas (Shoals:3)
  13 naga warriors
  34 dancing weapons
  3 satyrs
  4 alligator snapping turtles
  9 deep troll shamans
  6 death yaks
  12 two-headed ogres
  3 deep troll earth magi
  4 vampire magi
  4 tengu warriors
  3 orc high priests
  11 shock serpents
  11 naga sharpshooters
  4 spriggan berserkers
  24 hell knights (Depths:3)
  4 soul eaters (Depths:3)
  A skyshark (shapeshifter) (Depths:2)
  Sonja (Orc:1)
  4 skysharks
  9 deep elf knights
  2 sun demons
  6 salamander mystics
  2 spriggans (Depths:3)
  4 iron trolls
  5 skeletal warriors
  21 sea snakes
  A shadow wraith (Vaults:5)
  2 glowing orange brains
  A flayed ghost (Vaults:3)
  9 naga ritualists
  49 deep trolls
  9 wizards
  10 orc knights
  A harpy (shapeshifter) (Vaults:5)
  16 deep elf archers
  23 deep elf pyromancers
  8 phantasmal warriors
  8 harpies
  19 ironbound convokers
  25 deep elf zephyrmancers
  8 necromancers
  An obsidian statue (Vaults:2)
  10 mana vipers
  5 lindwurms
  43 ugly things
  10 cyclopes
  8 orc sorcerers
  2 cyclopes (shapeshifter)
  4 shining eyes
  8 fauns
  A faun (shapeshifter) (Depths:2)
  20 salamanders
  17 manticores
  A manticore (shapeshifter) (Elf:3)
  6 guardian serpents
  13 elephants
  4 merfolk sirens (Shoals:4)
  An orange demon (Depths:3)
  9 water nymphs
  An eye of devastation (Slime:5)
  17 vault sentinels
  15 moths of wrath
  2 ice statues (IceCv)
  37 black mambas
  A gargoyle (D:13)
  2 cane toads
  A cane toad (shapeshifter) (Elf:1)
  15 naga magi
  7 torpor snails (Lair:5)
  3 kobold demonologists
  3 rime drakes
  21 yaktaurs
  An ice devil (Depths:3)
  8 komodo dragons
  An unseen horror (D:12)
  4 guardian mummies (Depths:1)
  A freezing wraith (IceCv)
  2 tengu conjurers
  A meliai (D:14)
  A meliai (shapeshifter) (Vaults:2)
  25 merfolk
  10 trolls
  A wind drake (shapeshifter) (Elf:1)
  A merfolk (shapeshifter) (Vaults:1)
  2 hellwings (Depths:2)
  A polar bear (Lair:3)
  4 tyrant leeches (Lair:5)
  9 saltlings (Orc:2)
  10 hornets
  A tarantella (shapeshifter) (Vaults:5)
  12 snapping turtles
  8 wind drakes
  13 blink frogs
  4 dream sheep (Lair:5)
  A fire giant simulacrum (Vaults:2)
  A snapping turtle (shapeshifter) (Vaults:2)
  2 air elementals (Elf:3)
  73 slime creatures
  A spriggan (shapeshifter) (Elf:1)
  A ynoxinul (Depths:2)
  6 wyverns
  18 water elementals
  3 golden eyes (Slime:3)
  9 chaos spawn
  4 hogs (Shoals:3)
  A hog (shapeshifter) (D:14)
  2 neqoxecs (Depths:2)
  54 yaks
  3 basilisks
  3 redbacks (Vaults:4)
  2 vampire mosquitoes (D:14)
  5 steam dragons
  3 wargs
  Menkaure (D:7)
  A death yak simulacrum (IceCv)
  52 nagas
  A swamp worm (shapeshifter) (Vaults:5)
  13 water moccasins
  A floating eye (shapeshifter) (Orc:2)
  A glowing shapeshifter skeleton (Vaults:2)
  A sky beast (D:8)
  A swamp drake (D:12)
  3 black bears
  38 orc warriors
  An ice beast (D:5)
  10 ogres
  A human zombie (Vaults:2)
  33 wolves
  5 centaurs
  A phantom (D:4)
  4 kobold brigands
  10 bullfrogs
  2 gnoll sergeants
  2 scorpions
  10 wights
  An earth elemental (Elf:2)
  6 howler monkeys
  An electric eel (Lair:5)
  3 lava snakes (Lair:2)
  2 hounds
  A jelly (D:4)
  A gnoll bouda (D:6)
  12 orc priests
  3 iguanas
  A sleepcap (D:7)
  18 orc wizards
  8 hell rats (Lair:2)
  3 wolf simulacra (IceCv)
  4 mummies (Depths:1)
  12 adders
  18 gnolls
  16 river rats
  3 shadow imps
  91 orcs
  5 endoplasms
  2 giant cockroaches
  4 hobgoblins
  10 quokkas
  14 ball pythons
  8 bats
  A frilled lizard (D:1)
  6 goblins
  23 kobolds
  14 rats
2056 creatures vanquished.

Vanquished Creatures (others)
  A frost giant (Vaults:2)
  A fire giant (Depths:3)
  A deep elf high priest (Elf:3)
  A dancing weapon (Elf:2)
  2 deep elf knights (Elf:2)
  4 deep trolls (Vaults:2)
  An ironbound convoker (Vaults:2)
  A wizard (Vaults:2)
  An orc priest (D:12)
  An orc wizard (Orc:2)
  3 orcs
  2 starspawn tentacles (Shoals:2)
19 creatures vanquished.

Grand Total: 2075 creatures vanquished

Notes
Turn   | Place    | Note
-------+----------+-------------------------------------------
     0 | D:1      | coffeetime the Minotaur Fighter began the quest for the
                  | Orb.
     0 | D:1      | Reached XP level 1. HP: 19/19 MP: 0/0
   251 | D:1      | Reached XP level 2. HP: 25/27 MP: 1/1
   485 | D:1      | Reached skill level 4 in Fighting
   870 | D:2      | Reached XP level 3. HP: 31/33 MP: 2/2
  1418 | D:3      | Reached skill level 1 in Dodging
  1426 | D:3      | Reached XP level 4. HP: 28/41 MP: 3/3
  1597 | D:3      | Reached skill level 1 in Throwing
  1807 | D:4      | Reached XP level 5. HP: 5/47 MP: 4/4
  2087 | D:4      | Found a staircase to the Ecumenical Temple.
  2096 | Temple   | Entered the Ecumenical Temple
  2155 | Temple   | Became a worshipper of Warmaster Okawaru
  2359 | D:4      | Noticed an ogre
  2576 | D:3      | Reached skill level 5 in Armour
  3006 | D:3      | Found a faded altar of an unknown god.
  3243 | D:4      | Killed an ogre
  3244 | D:4      | Reached skill level 5 in Fighting
  3244 | D:4      | Reached XP level 6. HP: 47/56 MP: 5/5
  3298 | D:4      | Reached skill level 1 in Stealth
  3596 | D:5      | Entered Level 5 of the Dungeon
  3605 | D:5      | Reached XP level 7. HP: 48/61 MP: 6/6
  3755 | D:5      | Reached * piety under Okawaru
  4204 | D:5      | Reached skill level 6 in Fighting
  4388 | D:5      | Found a shimmering blue altar of Sif Muna.
  4405 | D:5      | Found a blossoming altar of Fedhas.
  4624 | D:5      | Reached XP level 8. HP: 7/71 MP: 7/7
  4972 | D:6      | Found Paduw's Jewellery Boutique.
  5036 | D:6      | Found a shimmering altar of Xom.
  5111 | D:6      | Reached ** piety under Okawaru
  5516 | D:6      | Reached skill level 7 in Fighting
  5518 | D:6      | Found a hazy altar of Hepliaklqana.
  5662 | D:6      | Found a large runed translucent door.
  5662 | D:6      | Found a large runed translucent door.
  5667 | D:6      | Found a shimmering altar of Xom.
  6367 | D:7      | Found a sparkling altar of Nemelex Xobeh.
  6550 | D:7      | Noticed Menkaure
  6556 | D:7      | Reached *** piety under Okawaru
  6562 | D:7      | Killed Menkaure
  6563 | D:7      | Reached skill level 5 in Throwing
  6563 | D:7      | Reached XP level 9. HP: 13/81 MP: 5/8
  6826 | D:7      | You fall into a shaft and drop 3 floors!
  6826 | D:10     | Entered Level 10 of the Dungeon
  6922 | D:9      | Reached skill level 8 in Fighting
  6964 | D:8      | Found a radiant altar of Vehumet.
  7258 | D:7      | Reached skill level 10 in Armour
  7373 | D:7      | Identified the +8 hand axe of Blood {protect, Str+6}
  7824 | D:8      | Reached **** piety under Okawaru
  7835 | D:8      | Found a snail-covered altar of Cheibriados.
  8036 | D:8      | Found an ancient bone altar of Kikubaaqudgha.
  8070 | D:8      | Found a burning altar of Makhleb.
  8091 | D:9      | Noticed a troll
  8104 | D:9      | Reached skill level 9 in Fighting
  8111 | D:9      | Noticed a troll
  8120 | D:9      | Killed a troll
  8121 | D:9      | Reached XP level 10. HP: 76/91 MP: 6/9
  8255 | D:9      | Found a staircase to the Lair.
  8886 | D:10     | Noticed a two-headed ogre
  8897 | D:10     | Killed a two-headed ogre
  9017 | D:10     | Reached skill level 10 in Fighting
  9020 | D:10     | Received a gift from Okawaru
  9043 | D:10     | Reached ***** piety under Okawaru
  9043 | D:10     | Received a gift from Okawaru
  9149 | D:10     | Found a portal to a secret trove of treasure.
  9751 | D:11     | Reached skill level 5 in Dodging
  9770 | D:11     | Noticed a green ugly thing
  9874 | D:11     | Noticed a boulder beetle
  9876 | D:11     | Noticed a boulder beetle
 10019 | Lair:1   | Entered Level 1 of the Lair of Beasts
 10040 | Lair:1   | Reached skill level 1 in Invocations
 10075 | D:9      | Received a gift from Okawaru
 10124 | Lair:1   | Reached skill level 11 in Fighting
 10126 | Lair:1   | Reached XP level 11. HP: 91/102 MP: 8/11
 10647 | D:6      | Bought a ring of willpower for 275 gold pieces
 10916 | Lair:1   | Reached skill level 12 in Fighting
 11465 | Lair:2   | Found a staircase to the Snake Pit.
 11645 | Lair:2   | Received a gift from Okawaru
 11649 | Lair:2   | Reached skill level 13 in Fighting
 11738 | Lair:2   | Received a gift from Okawaru
 11757 | Lair:2   | Reached XP level 12. HP: 104/116 MP: 14/14
 11884 | Lair:2   | Noticed a seven-headed hydra
 11891 | Lair:2   | Killed a seven-headed hydra
 11892 | Lair:2   | Reached skill level 5 in Invocations
 11947 | Lair:2   | Reached skill level 14 in Fighting
 11959 | Lair:2   | Reached ****** piety under Okawaru
 11999 | Lair:2   | Found a staircase to the Shoals.
 12421 | Lair:2   | Identified the +5 ring mail of Feasting {Drain rPois rN+
                  | Regen+} (Okawaru gifted it to you on level 2 of the Lair of
                  | Beasts)
 12421 | Lair:2   | Received a gift from Okawaru
 12602 | Lair:2   | Noticed a five-headed hydra
 12613 | Lair:2   | Killed a five-headed hydra
 13343 | Lair:3   | Reached skill level 10 in Throwing
 13424 | Lair:3   | Reached skill level 1 in Evocations
 13493 | Lair:3   | Found the +8 whip "Snakebite" {venom, curare, rPois}
 13639 | Lair:3   | Identified 2 scrolls of acquirement
 13640 | Lair:3   | Acquired the +1 hat "Ozorgh" {rCorr}
 13652 | Lair:3   | Acquired a +2 cloak of poison resistance
 13918 | Lair:3   | Reached skill level 15 in Fighting
 13918 | Lair:3   | Reached skill level 1 in Maces & Flails
 14142 | Lair:4   | Noticed Jyudgh's ghost (journeyman DjCj)
 14142 | Lair:4   | Noticed an eight-headed hydra
 14142 | Lair:4   | Found a transporter.
 14142 | Lair:4   | Found a transporter.
 14277 | Lair:4   | Identified the +4 leather armour of the Moon {Int+3 Dex+3}
 14525 | Lair:4   | You fall into a shaft and drop 1 floor!
 14525 | Lair:5   | Entered Level 5 of the Lair of Beasts
 14525 | Lair:5   | Noticed a death yak
 14525 | Lair:5   | Noticed a death yak
 14525 | Lair:5   | Noticed a death yak
 14526 | Lair:5   | Noticed a death yak
 14538 | Lair:4   | Killed a death yak
 14545 | Lair:4   | Killed a death yak
 14554 | Lair:4   | Received a gift from Okawaru
 14555 | Lair:4   | Reached XP level 13. HP: 91/127 MP: 16/16
 15565 | Lair:5   | Received a gift from Okawaru
 15569 | Lair:5   | Reached skill level 5 in Maces & Flails
 15615 | Lair:5   | Received a gift from Okawaru
 15710 | Lair:5   | Found a staircase to the Slime Pits.
 15828 | Lair:5   | Received a gift from Okawaru
 16177 | Lair:5   | Received a gift from Okawaru
 16335 | Lair:5   | Received a gift from Okawaru
 16335 | Lair:5   | Found the +3 Mad Mage's Maulers {Infuse+∞ VampMP -Cast}
 16378 | Lair:5   | Reached skill level 5 in Evocations
 16645 | Lair:5   | Found a runed translucent door.
 16847 | D:6      | Bought the ring "Gyse Ife" {Ice rPois rN+ Slay+3} for 583
                  | gold pieces
 17813 | Shoals:1 | Entered Level 1 of the Shoals
 17843 | Lair:2   | Reached XP level 14. HP: 112/136 MP: 2/17
 17850 | Shoals:1 | Reached skill level 16 in Fighting
 18245 | Shoals:1 | Received a gift from Okawaru
 18696 | Shoals:1 | Received a gift from Okawaru
 18946 | Shoals:2 | Noticed Mlioglotl
 19005 | Shoals:1 | Reached skill level 15 in Armour
 19005 | Shoals:1 | Reached skill level 5 in Shields
 19635 | D:11     | Reached skill level 10 in Maces & Flails
 19748 | D:11     | Identified the ring of Butchery {Fire Will+ Int+3 Stlth+}
 19968 | D:12     | Identified the +0 chain mail "Luys" {rElec Str+3} (Okawaru
                  | gifted it to you on level 12 of the Dungeon)
 19968 | D:12     | Received a gift from Okawaru
 20186 | D:12     | Noticed Fannar
 20211 | D:12     | Killed Fannar
 20388 | D:12     | Noticed Frances
 20408 | D:12     | Killed Frances
 20626 | D:12     | Found a staircase to the Orcish Mines.
 20772 | Orc:1    | Entered Level 1 of the Orcish Mines
 20772 | Orc:1    | You fall into a shaft and drop 1 floor!
 20772 | Orc:2    | Entered Level 2 of the Orcish Mines
 20811 | Orc:2    | Found a frozen archway.
 20811 | Orc:2    | Found a staircase to the Elven Halls.
 20816 | Orc:2    | Found Pioqe's Magic Scroll Emporium.
 20820 | IceCv    | Entered an ice cave
 20834 | IceCv    | Found a transporter.
 20843 | IceCv    | Found a transporter.
 21095 | Elf:1    | Entered Level 1 of the Elven Halls
 21536 | Orc:2    | Bought a scroll of identify for 32 gold pieces
 21536 | Orc:2    | Bought a scroll of enchant armour for 120 gold pieces
 21596 | Orc:1    | Noticed an orc warlord
 21665 | Orc:2    | Killed an orc warlord
 21958 | Orc:1    | Noticed Sonja
 21964 | Orc:1    | Killed Sonja
 22509 | Orc:2    | Paralysed by an orc sorcerer for 4 turns
 22533 | Orc:2    | Identified the +9 morningstar of the Vendetta {holy, rElec
                  | rF+ Str+3 Int+3} (Okawaru gifted it to you on level 2 of
                  | the Orcish Mines)
 22533 | Orc:2    | Received a gift from Okawaru
 22637 | Orc:2    | Noticed an orc warlord
 22672 | Orc:2    | Killed an orc warlord
 22685 | Orc:2    | Reached XP level 15. HP: 92/145 MP: 19/19
 22744 | Orc:2    | Found Yshyditru's Distillery.
 22750 | Orc:2    | Bought a potion of might for 48 gold pieces
 22750 | Orc:2    | Bought a potion of might for 48 gold pieces
 22750 | Orc:2    | Bought a potion of enlightenment for 60 gold pieces
 22801 | Orc:2    | Found Watac's Assorted Antiques.
 22852 | Orc:2    | Found Hoech's Distillery.
 22906 | Orc:2    | Found Jusiffi's Magic Scroll Boutique.
 22919 | Orc:2    | Bought a scroll of identify for 32 gold pieces
 22919 | Orc:2    | Bought a scroll of fog for 64 gold pieces
 22948 | Orc:2    | Bought a potion of berserk rage for 80 gold pieces
 22961 | Orc:2    | Bought a scroll of identify for 58 gold pieces
 23755 | D:13     | Identified the +1 robe of Uwneacs {rF+ rC+ Int+4}
 23887 | D:15     | Entered Level 15 of the Dungeon
 24194 | D:14     | Received a gift from Okawaru
 24395 | D:14     | Reached skill level 17 in Fighting
 24656 | D:14     | Received a gift from Okawaru
 24671 | D:14     | Found a gate to the Vaults.
 25231 | D:15     | Reached skill level 10 in Shields
 25359 | D:15     | Found a staircase to the Depths.
 25548 | D:15     | Identified the +0 robe "Tedinoes" {*Corrode Str+3 SInv}
 25984 | D:15     | Reached XP level 16. HP: 155/155 MP: 21/21
 26399 | Shoals:2 | Received a gift from Okawaru
 26686 | Shoals:2 | Noticed a tentacled starspawn
 26818 | Shoals:3 | Received a gift from Okawaru
 26920 | Shoals:3 | Noticed Kirke
 26943 | Shoals:3 | Killed Kirke
 27036 | Shoals:4 | Entered Level 4 of the Shoals
 27045 | Shoals:4 | Received a gift from Okawaru
 27052 | Shoals:4 | Found Warghew's Weapon Shop.
 27160 | Shoals:3 | Noticed Polyphemus
 27272 | Snake:1  | Entered Level 1 of the Snake Pit
 27363 | Snake:1  | Received a gift from Okawaru
 27944 | Snake:1  | Found a runed translucent door.
 27944 | Snake:1  | Noticed porpoise's ghost (adept BaHu)
 28276 | Snake:1  | Killed porpoise's ghost
 28314 | Snake:2  | Reached skill level 10 in Invocations
 28509 | Snake:2  | Received a gift from Okawaru
 28745 | Snake:2  | Reached skill level 18 in Fighting
 29009 | Snake:2  | Identified the +3 tower shield of the Barracuda {rPois
                  | Str-2 Int+5} (Okawaru gifted it to you on level 2 of the
                  | Snake Pit)
 29009 | Snake:2  | Received a gift from Okawaru
 30510 | Snake:3  | Found Ubecs's Assorted Antiques.
 30512 | Snake:3  | Found Ineum's Jewellery Shoppe.
 30523 | Snake:3  | Found Deq Kogu's General Store.
 30533 | Snake:3  | Bought an amulet of reflection for 480 gold pieces
 30759 | Snake:3  | Reached skill level 15 in Maces & Flails
 31115 | Snake:3  | Reached XP level 17. HP: 136/166 MP: 23/23
 31333 | Snake:3  | Noticed Vashnia
 31354 | Snake:3  | Killed Vashnia
 31423 | Snake:3  | Received a gift from Okawaru
 31632 | Snake:3  | Received a gift from Okawaru
 32400 | Snake:4  | Entered Level 4 of the Snake Pit
 32932 | Snake:4  | Reached skill level 19 in Fighting
 33009 | Snake:4  | Received a gift from Okawaru
 33481 | Snake:4  | Identified the +0 cloak "Miphunaf" {rN+ Int+2 Dex+3 SInv}
                  | (Okawaru gifted it to you on level 4 of the Snake Pit)
 33481 | Snake:4  | Received a gift from Okawaru
 34375 | Snake:4  | Reached XP level 18. HP: 178/178 MP: 24/24
 34418 | Snake:4  | Got a serpentine rune of Zot
 35047 | Shoals:3 | Noticed Louise
 35069 | Shoals:3 | Killed Louise
 35070 | Shoals:3 | Reached skill level 15 in Shields
 35559 | Shoals:3 | Reached skill level 20 in Fighting
 35580 | Shoals:3 | Killed Polyphemus
 36203 | Shoals:4 | Identified the +5 ring mail of the Valley {rF+ Dex+4}
                  | (Okawaru gifted it to you on level 4 of the Shoals)
 36203 | Shoals:4 | Received a gift from Okawaru
 36664 | Shoals:4 | Found Ydym's Antique Weapon Emporium.
 37101 | Shoals:4 | Got a barnacled rune of Zot
 37359 | Shoals:4 | Found Lesaen's Jewellery Shoppe.
 37948 | Shoals:4 | Identified the +0 robe of the Saviour {rF+ rCorr}
 38245 | Shoals:2 | Killed Mlioglotl
 38480 | Shoals:2 | Received a gift from Okawaru
 38708 | Elf:1    | Noticed Asterion
 38874 | Elf:1    | Killed Asterion
 38912 | Elf:1    | Found Daxiytab's Antique Weapon Shoppe.
 38983 | Elf:1    | Received a gift from Okawaru
 39063 | Elf:1    | Found Vaefipp's Weapon Shoppe.
 39065 | Elf:1    | Noticed Roxanne
 39128 | Elf:1    | Killed Roxanne
 39192 | Elf:1    | Found Azur's Weapon Emporium.
 39238 | Elf:1    | Found Demoz's Weapon Shop.
 39295 | Elf:1    | Reached skill level 21 in Fighting
 39437 | Elf:1    | Received a gift from Okawaru
 39441 | Elf:1    | Reached XP level 19. HP: 178/189 MP: 25/25
 39670 | Elf:1    | Found Pintoix's General Store.
 39678 | Elf:1    | Bought a scroll of enchant armour for 127 gold pieces
 40049 | Elf:2    | Found a runed translucent gate.
 40049 | Elf:2    | Found a runed translucent gate.
 40049 | Elf:2    | Found a runed translucent gate.
 40261 | Elf:2    | Identified the +6 quarterstaff "Hocub" {flame, Drain rPois
                  | rCorr Int+3} (Okawaru gifted it to you on level 2 of the
                  | Elven Halls)
 40261 | Elf:2    | Received a gift from Okawaru
 40678 | Elf:2    | Noticed Saint Roka
 40728 | Elf:2    | Killed Saint Roka
 41578 | Elf:3    | Entered Level 3 of the Elven Halls
 41663 | Elf:2    | Received a gift from Okawaru
 42078 | Elf:3    | Received a gift from Okawaru
 42145 | Elf:3    | Paralysed by an air elemental for 1 turns
 42218 | Elf:3    | Identified the +5 sling "Qoits" {freeze, Will+ Dex+6}
 42341 | Elf:3    | Found Puimm's Magic Scroll Shoppe.
 42366 | Elf:3    | Identified the +8 scimitar of the Wasp {heavy, Dex+3 SInv}
 42584 | Elf:3    | Received a gift from Okawaru
 42668 | Elf:3    | Found Biarupn's Book Boutique.
 42669 | Elf:3    | Found Ruatelue's Jewellery Shoppe.
 42670 | Elf:3    | Found Sojalotod's Book Boutique.
 42689 | Elf:3    | Bought the amulet of Mejeth {Reflect rF+ SH+5} for 660 gold
                  | pieces
 43006 | Elf:3    | Paralysed by an air elemental for 1 turns
 43047 | Elf:3    | Identified the +6 storm dragon scales "Veggox" {Harm rElec
                  | rC+ Str+2} (Okawaru gifted it to you on level 3 of the
                  | Elven Halls)
 43047 | Elf:3    | Received a gift from Okawaru
 43287 | Elf:3    | Identified the +10 plate armour "Ydob" {rF+}
 43366 | Elf:3    | Identified the +6 scale mail "Panyxt" {rF+}
 43370 | Elf:3    | Reached XP level 20. HP: 172/198 MP: 26/26
 43401 | Elf:3    | Identified the staff "Orinocs" {*Corrode rN++ Str+4 Earth}
 43412 | Elf:3    | Identified the +0 pair of gloves of the Lair of Beasts {rF+
                  | rC+ MP+9}
 43429 | Elf:3    | Got the Quarto of Outbursts
 43493 | Elf:3    | Identified the +6 shortbow of Dishonour {flame, rF+ rCorr}
 44059 | Vaults:1 | Entered Level 1 of the Vaults
 44120 | Vaults:1 | You fall into a shaft and drop 1 floor!
 44134 | Vaults:2 | Found a runed translucent gate.
 44134 | Vaults:2 | Found a runed translucent gate.
 44134 | Vaults:2 | Found a runed translucent gate.
 44134 | Vaults:2 | Found an opulent altar of Gozag.
 44135 | Vaults:2 | Noticed Naox's ghost (adept KoAr)
 44457 | Vaults:2 | Noticed Nikola
 45138 | Vaults:2 | Reached skill level 5 in Stealth
 45518 | Vaults:2 | Received a gift from Okawaru
 46379 | Vaults:3 | Noticed a dread lich
 46495 | Vaults:4 | Received a gift from Okawaru
 46508 | Vaults:4 | Noticed a dread lich
 46521 | Vaults:4 | Killed a dread lich
 46521 | Vaults:4 | Identified the +3 dagger "Coj Hei" {antimagic, *Noise rC+++
                  | rCorr Stlth+} (Okawaru gifted it to you on level 4 of the
                  | Vaults)
 46521 | Vaults:4 | Received a gift from Okawaru
 46678 | Vaults:3 | Killed a dread lich
 46823 | Vaults:3 | Found a staircase to the Crypt.
 46823 | Vaults:3 | Found a basalt altar of Yredelemnul.
 46823 | Vaults:3 | Found an ancient bone altar of Kikubaaqudgha.
 46959 | Vaults:3 | Found Natoulyja's General Store.
 47075 | Vaults:3 | Received a gift from Okawaru
 47226 | Vaults:3 | Identified the ring of Descent {Fly rC+ Int+6 Dex+3}
 47283 | Vaults:3 | Found Jeucho Jepn's Armour Boutique.
 47691 | Vaults:2 | Reached XP level 21. HP: 204/204 MP: 27/27
 47691 | Vaults:2 | Received a gift from Okawaru
 48054 | Vaults:2 | Received a gift from Okawaru
 48074 | Vaults:2 | Killed Nikola
 48493 | Vaults:2 | Killed Naox's ghost
 48945 | Vaults:1 | Found Ymeodeh's Armour Boutique.
 50560 | Vaults:4 | Reached skill level 22 in Fighting
 50932 | Vaults:4 | Received a gift from Okawaru
 51391 | Vaults:3 | Bought a potion of haste for 190 gold pieces
 51938 | D:8      | Found a shadowy altar of Dithmenos.
 51965 | D:8      | Found a broken altar of Ashenzari.
 52019 | D:8      | Found an ornate altar of the Wu Jian Council.
 52352 | D:10     | You paid a toll of 5 scrolls of fog to enter a treasure
                  | trove
 52353 | Trove    | Entered a treasure trove
 52358 | Trove    | Found the +10 tower shield of Ignorance {rN+ Int-4}
 52358 | Trove    | Found the +18 shield of the Gong {Loud rN+ Will+ rCorr
                  | EV-5}
 52376 | Trove    | Got the Almanac of Cunning Command
 52388 | Trove    | Identified the ring "Vafife" {Fly rElec MP+9 Int+4}
 52531 | Depths:1 | Entered Level 1 of the Depths
 52795 | Depths:1 | Received a gift from Okawaru
 52796 | Depths:1 | Reached skill level 10 in Dodging
 52877 | Depths:1 | Found a gateway to Hell.
 53102 | Depths:1 | Received a gift from Okawaru
 53211 | Depths:1 | Found a corrupted altar of Lugonu.
 53211 | Depths:1 | Found a one-way gate to the infinite horrors of the Abyss.
 53683 | Depths:2 | Found Utulisk's Distillery.
 54023 | Depths:2 | Found a one-way gateway to a ziggurat.
 54060 | Depths:2 | Reached skill level 23 in Fighting
 54548 | Depths:2 | Found a one-way gate leading to the halls of Pandemonium.
 54553 | Depths:2 | Reached XP level 22. HP: 185/220 MP: 28/28
 54862 | Depths:2 | Found a transporter.
 54863 | Depths:2 | Noticed Sojobo
 54866 | Depths:2 | Found a radiant altar of Vehumet.
 55032 | Depths:3 | Noticed a golden dragon
 55044 | Depths:3 | Killed a golden dragon
 55092 | Depths:3 | Found a flickering gateway to a bazaar.
 55121 | Bazaar   | Entered a bazaar
 55135 | Bazaar   | Found Wagac's Magic Scroll Shoppe.
 55135 | Bazaar   | Found Bitaiwn's Assorted Antiques.
 55148 | Bazaar   | Found Paokk's Armour Emporium.
 55168 | Bazaar   | Bought a potion of invisibility for 168 gold pieces
 55174 | Bazaar   | Bought a scroll of fog for 44 gold pieces
 55174 | Bazaar   | Bought a scroll of teleportation for 33 gold pieces
 55199 | Bazaar   | Found Cigomiwu's Antique Weapon Shoppe.
 55199 | Bazaar   | Found Teugroy's Assorted Antiques.
 55206 | Bazaar   | Bought a wand of roots (3) for 129 gold pieces
 55206 | Bazaar   | Bought a wand of digging (4) for 302 gold pieces
 55305 | Depths:3 | Received a gift from Okawaru
 55511 | Depths:3 | Reached skill level 24 in Fighting
 55594 | Depths:3 | Received a gift from Okawaru
 55626 | Depths:3 | Identified the +0 chain mail of Bad Feelings {-Tele rC+
                  | MP+9 Dex+7} (Okawaru gifted it to you on level 3 of the
                  | Depths)
 55626 | Depths:3 | Received a gift from Okawaru
 56678 | Depths:4 | Entered Level 4 of the Depths
 56810 | Depths:4 | Found a large runed translucent door.
 56811 | Depths:4 | Found a large runed translucent door.
 56814 | Depths:4 | Noticed Futuid's ghost (veteran MfSu)
 56842 | Depths:4 | Noticed Boris
 56972 | Depths:4 | Killed Boris
 56973 | Depths:4 | Reached skill level 25 in Fighting
 57391 | Depths:4 | Noticed Vv
 57426 | Depths:4 | Killed Vv
 57781 | Depths:4 | Found a gate to the Realm of Zot.
 58222 | Depths:4 | Killed Futuid's ghost
 58222 | Depths:4 | Identified the +0 ring mail of Kini {Str-4 Int+4} (Okawaru
                  | gifted it to you on level 4 of the Depths)
 58222 | Depths:4 | Received a gift from Okawaru
 58565 | Slime:1  | Entered Level 1 of the Pits of Slime
 58768 | Slime:5  | Entered Level 5 of the Pits of Slime
 58866 | Slime:5  | Noticed the Royal Jelly
 58893 | Slime:5  | Killed the Royal Jelly
 58894 | Slime:5  | Reached skill level 26 in Fighting
 58911 | Slime:5  | Gained mutation: You are occasionally teleported next to
                  | monsters. [a shining eye]
 58915 | Slime:5  | Gained mutation: Your spells are a little easier to cast,
                  | but a little less powerful. [a shining eye]
 58987 | Slime:5  | Reached XP level 23. HP: 79/236 MP: 29/29
 59014 | Slime:2  | Gained mutation: You sometimes lose your temper in combat.
                  | [a shining eye]
 59129 | Slime:2  | Lost mutation: You are occasionally teleported next to
                  | monsters. [potion of mutation]
 59129 | Slime:2  | Lost mutation: You sometimes lose your temper in combat.
                  | [potion of mutation]
 59129 | Slime:2  | Lost mutation: Your spells are a little easier to cast, but
                  | a little less powerful. [potion of mutation]
 59129 | Slime:2  | Gained mutation: You have sharp toenails. [potion of
                  | mutation]
 59129 | Slime:2  | Gained mutation: Your mind is acute. (Int +4, Str/Dex -1)
                  | [potion of mutation]
 59435 | Slime:5  | Found the +6 arbalest "Damnation" {damnation}
 59459 | Slime:5  | Identified the ring of Uplaank {rC+ Slay+3}
 59479 | Slime:5  | Got a slimy rune of Zot
 59489 | Slime:5  | Identified the +1 spear "Hufynol" {freeze, rPois Str+3
                  | Stlth+}
 59499 | Slime:5  | Identified the +6 morningstar "Poqisah" {flame, *Rage rElec
                  | rPois rCorr SInv}
 59532 | Slime:5  | Acquired 919 gold pieces
 59615 | Slime:5  | Paralysed by a great orb of eyes for 5 turns
 59852 | Slime:3  | Gained mutation: You occasionally lose the ability to read
                  | scrolls when taking damage. [a shining eye]
 60059 | Lair:5   | Lost mutation: You have sharp toenails. [potion of
                  | mutation]
 60059 | Lair:5   | Lost mutation: You occasionally lose the ability to read
                  | scrolls when taking damage. [potion of mutation]
 60059 | Lair:5   | Lost mutation: Your mind is acute. (Int +4, Str/Dex -1)
                  | [potion of mutation]
 60059 | Lair:5   | Gained mutation: You possess an exceptional clarity of
                  | mind. [potion of mutation]
 60059 | Lair:5   | Gained mutation: You are partially covered in iridescent
                  | scales. (AC +2) [potion of mutation]
 60059 | Lair:5   | Gained mutation: Your muscles are strong. (Str +4, Int/Dex
                  | -1) [potion of mutation]
 60059 | Lair:5   | Gained mutation: You are mostly covered in iridescent
                  | scales. (AC +4) [potion of mutation]
 60431 | Vaults:5 | Entered Level 5 of the Vaults
 60584 | Vaults:5 | Identified the +12 glaive of the Inferno {drain, rF+ Will+
                  | Dex+2} (Okawaru gifted it to you on level 5 of the Vaults)
 60584 | Vaults:5 | Received a gift from Okawaru
 60631 | Vaults:5 | Reached skill level 27 in Fighting
 60707 | Vaults:5 | Noticed an ancient lich
 60713 | Vaults:5 | Identified the ring "Quekun" {Will+ Int+4 Dex-3}
 60735 | Vaults:5 | Identified the +11 crystal plate armour "Biutoz" {rElec rF-
                  | rN++ Dex+2}
 60799 | Vaults:5 | Killed an ancient lich
 60976 | Vaults:5 | Identified the +8 flail of Pandemonium {antimagic, rElec}
                  | (Okawaru gifted it to you on level 5 of the Vaults)
 60976 | Vaults:5 | Received a gift from Okawaru
 61005 | Vaults:5 | Identified the +3 robe "Ream" {rF++ Will+++}
 61459 | Vaults:5 | Identified the +11 hand axe of Popular Demand {flame,
                  | rCorr}
 61471 | Vaults:5 | Received a gift from Okawaru
 61475 | Vaults:5 | Noticed an ancient lich
 61656 | Vaults:5 | Killed an ancient lich
 61659 | Vaults:5 | Identified the +3 kite shield "Xeeceac" {Rampage Str+3}
                  | (Okawaru gifted it to you on level 5 of the Vaults)
 61659 | Vaults:5 | Received a gift from Okawaru
 61758 | Vaults:5 | Reached skill level 15 in Throwing
 61761 | Vaults:5 | Identified the staff "Kicushrila" {rF+ Will+ Stlth+ Fire}
 61775 | Vaults:5 | Got the Vellum of the Winter
 61921 | Vaults:5 | Reached skill level 10 in Evocations
 62052 | Vaults:5 | Identified the +3 chain mail of the Bagpipe {rC++ Str+6}
 62054 | Vaults:5 | Identified the +10 spear "Arbiter" {spect, rF- Dex+4}
 62376 | Vaults:5 | Got a silver rune of Zot
 62742 | Zot:1    | Entered Level 1 of the Realm of Zot
 62759 | Zot:1    | Reached XP level 24. HP: 234/249 MP: 29/29
 64092 | Zot:2    | Acquired 1304 gold pieces
 64142 | Zot:2    | Received a gift from Okawaru
 64718 | Zot:3    | Identified the +5 battleaxe "Ykkoret" {drain, rPois}
                  | (Okawaru gifted it to you on level 3 of the Realm of Zot)
 64718 | Zot:3    | Received a gift from Okawaru
 65237 | Zot:3    | Noticed an orb of fire
 65237 | Zot:3    | Gained mutation: You are frail. (-10% HP) [an orb of fire]
 65247 | Zot:2    | Gained mutation: Your system is resistant to poisons.
                  | (rPois) [an orb of fire]
 65255 | Zot:2    | Killed an orb of fire
 65733 | Zot:3    | Identified the +0 ring mail of Sophism {rElec} (Okawaru
                  | gifted it to you on level 3 of the Realm of Zot)
 65733 | Zot:3    | Received a gift from Okawaru
 65768 | Zot:3    | Reached skill level 15 in Dodging
 65938 | Zot:5    | Entered Level 5 of the Realm of Zot
 66002 | Zot:5    | Identified the +2 pair of boots of Reason {rPois SInv}
 66436 | Zot:5    | Noticed an ancient lich
 66451 | Zot:5    | Killed an ancient lich
 66463 | Zot:5    | Noticed a Killer Klown
 66468 | Zot:5    | Noticed an ancient lich
 66483 | Zot:5    | Killed an ancient lich
 66485 | Zot:5    | Killed a Killer Klown
 66548 | Zot:5    | Noticed an ancient lich
 66561 | Zot:5    | Killed an ancient lich
 66570 | Zot:5    | Noticed an orb of fire
 66595 | Zot:5    | Lost mutation: You possess an exceptional clarity of mind.
                  | [an orb of fire]
 66597 | Zot:5    | Killed an orb of fire
 66598 | Zot:5    | Reached XP level 25. HP: 100/231 MP: 29/29
 66860 | Zot:5    | Noticed an orb of fire
 66861 | Zot:5    | Lost mutation: Your muscles are strong. (Str +4, Int/Dex
                  | -1) [an orb of fire]
 66873 | Zot:5    | Gained mutation: You occasionally lose the ability to drink
                  | potions when taking damage. [an orb of fire]
 66879 | Zot:5    | Gained mutation: You are dopey. (Int -2) [an orb of fire]
 66880 | Zot:5    | Killed an orb of fire
 66885 | Zot:5    | Lost mutation: You occasionally lose the ability to drink
                  | potions when taking damage. [potion of mutation]
 66885 | Zot:5    | Lost mutation: You are dopey. (Int -2) [potion of mutation]
 66885 | Zot:5    | Gained mutation: You have an increased reservoir of magic.
                  | (+10% MP) [potion of mutation]
 66885 | Zot:5    | Gained mutation: You are somewhat resistant to further
                  | mutation. [potion of mutation]
 66979 | Zot:5    | Noticed an orb of fire
 67023 | Zot:5    | Killed an orb of fire
 67623 | Zot:5    | Noticed a Killer Klown
 67628 | Zot:5    | Noticed a Killer Klown
 67671 | Zot:5    | Killed a Killer Klown
 67690 | Zot:5    | Identified the +2 plate armour "Fiekkonu" {SInv} (Okawaru
                  | gifted it to you on level 5 of the Realm of Zot)
 67690 | Zot:5    | Received a gift from Okawaru
 67709 | Zot:5    | Killed a Killer Klown
 67961 | Zot:5    | Noticed an ancient lich
 67972 | Zot:5    | Killed an ancient lich
 68011 | Zot:5    | Noticed an orb of fire
 68167 | Zot:5    | Noticed a dread lich
 68183 | Zot:5    | Killed a dread lich
 68245 | Zot:5    | Noticed an orb of fire
 68256 | Zot:5    | Killed an orb of fire
 68380 | Zot:5    | Killed an orb of fire
 68489 | Zot:5    | Noticed an orb of fire
 68502 | Zot:5    | Gained mutation: You do not regenerate when monsters are
                  | visible. [an orb of fire]
 68508 | Zot:5    | Killed an orb of fire
 68618 | Zot:5    | Noticed an orb of fire
 68627 | Zot:5    | Gained mutation: Your spells are a little easier to cast,
                  | but a little less powerful. [an orb of fire]
 68634 | Zot:5    | Killed an orb of fire
 69244 | Zot:5    | Got the Orb of Zot
 69260 | Zot:5    | Noticed Funopt the pandemonium lord
 69827 | D:$      | Escaped with the Orb!

Illustrated notes

Levels and vault maps discovered:
D:1:      dpeg_arrival_tiny_a, layout_loops_ring
D:2:      layout_basic
D:3:      layout_loops_corners, basic_ecumenical_altar, serial_bayou_crossing
D:4:      layout_basic, minmay_temple_entry_waves
D:5:      layout_gridville, fedhas_altar_fruit_tree, lemuel_blue_sif_altar
D:6:      due_chaos_kobolds, layout_cave_pods, mainiacjoe_overflow_tiny_flanked,
          nicolae_hepliaklqana_hippocampus, serial_shops, shop, st_stairs_8,
          hangedman_decor_push, hangedman_abyss_or_decor_lesser_grid
D:7:      layout_loops_ring, mainiacjoe_overflow_boulevard, uniq_menkaure
D:8:      layout_gridville, mainiacjoe_overflow_alcove_2,
          nzn_wu_jian_council_hall, mainiacjoe_overflow_alcove_1,
          lemuel_coloured_pillars_altar, fiery_altar_vehumet,
          nicolae_dithmenos_the_darkroom, kennysheep_mini, minmay_between
D:9:      layout_loops_ring, dpeg_oklobed_lair
D:10:     layout_stronghold, nicolae_trove_entry_isolated
D:11:     layout_rooms
D:12:     layout_irregular_city, erik_orc_1, minmay_statues_item, uniq_frances,
          uniq_fannar
D:13:     layout_cross
D:14:     layout_irregular_city, david_vaults_5, hangedman_decor_peaks_small
D:15:     hangedman_depths_entry_civil_slaughter, layout_long_grid
Temple:   zaba_magenta_temple
Lair:1:   layout_gridlike, grunt_megastairs_1
Lair:2:   lemuel_ratsnest, layout_chaotic_city, minmay_shoals_entry_beasts,
          nicolae_snake_entry_warm_welcome, serial_bayou_shore_a
Lair:3:   minmay_guarded_unrand_snakebite, layout_big_grid, grunt_megastairs_5
Lair:4:   layout_regular_city, gammafunk_ghost_arena
Lair:5:   wormcave, layout_gridlike, dpeg_slime_entry_enclosed
Shoals:1: layout_shoals
Shoals:2: layout_shoals, st_shoals_ruin, uniq_mlioglotl
Shoals:3: layout_shoals, nicolae_shoals_spring_well_temple, uniq_kirke,
          uniq_polyphemus, uniq_louise
Shoals:4: shoals_end_simple, layout_shoals, serial_shops,
          nicolae_shop_just_a_little_nook, nicolae_shop_real_fake_doors,
          nicolae_shop_statue_plus
Snake:1:  layout_rooms, ebering_ghost_inner_flame,
          nicolae_snake_round_shape_thing, grunt_megastairs_2
Snake:2:  layout_layer_cave, grunt_megastairs_3
Snake:3:  layout_honeycomb, nicolae_snake_springs, minmay_shop_star,
          lemuel_fruit_tree, uniq_vashnia
Snake:4:  johnstein_snake_rune_scales, layout_basic
Slime:1:  layout_caves
Slime:2:  layout_caves
Slime:3:  layout_caves
Slime:4:  layout_caves
Slime:5
Orc:1:    layout_diamond_mine, uniq_sonja
Orc:2:    hellmonk_orc_salted, layout_diamond_mine, serial_shops, shop,
          portal_ice_cave_entry_pillars_1, kennysheep_orc_chapel
Elf:1:    layout_gridlike, serial_shops, nicolae_shop_tiny_waterfront,
          nicolae_shop_pleasant_corner_grove, shop,
          nicolae_shop_advertising_works [nicolae_subvault_shop_adworks],
          nicolae_shop_tiny_glass, hangedman_elven_crosses_minicolossus,
          nicolae_elf_archery_training, uniq_roxanne, uniq_asterion
Elf:2:    nicolae_elf_blades_crystal_corner, layout_geoelf_octagon,
          nicolae_elf_free_trip_to_the_abyss, uniq_saint_roka
Elf:3:    minmay_elf_hall_statues, layout_onion_city, serial_shops,
          nicolae_shop_hallway_plus, hellmonk_bongcloud_opening,
          minmay_shop_grove
Vaults:1: v_misc_25, nicolae_vaults_storage_closets_1, v_rooms_5,
          nicolae_vaults_diffraction_hallways, layout_vaults_quadrants,
          serial_shops, nicolae_shop_back_alley_shop
Vaults:2: ebering_ghost_gozag, vaults_dpeg_hooks,
          nicolae_vaults_closet_pinwheel_5, st_smaller_cells,
          hangedman_vaults_trim, nicolae_vaults_network_quinsquares
          [nicolae_vaults_network_quincunx_subvault,
          nicolae_vaults_network_quincunx_subvault,
          nicolae_vaults_network_quincunx_subvault,
          nicolae_vaults_network_quincunx_subvault],
          nicolae_vaults_puzzle_piece, nicolae_vaults_specimen_jars,
          nicolae_vaults_doubleplus_tesselated, ontoclasm_vaults_hangar,
          nicolae_vaults_steering_wheel, vaults_dpeg_encased_lava,
          nicolae_vaults_trapezoid_2, nicolae_vaults_tetromino_L_1,
          ontoclasm_vaults_idyll, hangedman_vaults_corner_blocks,
          nicolae_vaults_tetromino_Z_2, layout_vaults_maze_bifur, uniq_nikola
Vaults:3: vaults_room_pool, hangedman_vaults_pinch,
          minmay_crypt_entry_necro_gods, v_pattern_2, hangedman_vaults_impose,
          v_rooms_1, nicolae_vaults_you_can_take_it_with_you,
          ontoclasm_vaults_shuriken, hangedman_vaults_unwind,
          nicolae_vaults_taking_the_gang_shopping, nicolae_vaults_network_s,
          v_misc_22, ontoclasm_vaults_ligature,
          nicolae_vaults_trapezoid_lopsided_1, nicolae_vaults_trapezoid_1,
          nicolae_vaults_trapezoid_lopsided_3, layout_vaults_ring, serial_shops,
          shop
Vaults:4: vaults_dpeg_ring, nicolae_vaults_shipping_containers_3, v_misc_1,
          v_misc_23, vaults_room_grunt_arrival_checkpoint,
          nicolae_vaults_shelves_hall, nicolae_vaults_heart-shaped_vault,
          nicolae_vaults_sesquioval_fish, nicolae_vaults_apartment_1,
          vaults_room_pools, layout_vaults_big_room
Vaults:5
Depths:1: layout_honeycomb, pf_vacation_house_of_asmodeus,
          abyss_entry_flame_altar, minmay_misc_feat_chi,
          minmay_guarded_unrand_curses
Depths:2: gammafunk_sealed_library, layout_cave_shapes, enter_ziggurat_f,
          minmay_room_of_horrors, serial_shops, shop, hell_entry,
          grunt_pan_entry_spiral, nicolae_benzene_ring, uniq_sojobo
Depths:3: kennysheep_demon_jail, layout_honeycomb, pf_hell_entry_tar_spiral,
          roderic_lattice_octagonal_star, abyss_entry, serial_shops,
          bzr_entry_water, serial_rivers, chequers_serial_rivers_micro_c,
          chequers_serial_rivers_micro_b, chequers_serial_rivers_small_3,
          chequers_serial_rivers_small_b, chequers_serial_rivers_marsh,
          chequers_serial_rivers_micro_e
Depths:4: grunt_zot_entry_bicorn, layout_cave_shapes, hangedman_coc_ice_floe,
          ebering_ghost_disaster_area, nicolae_sextant,
          hangedman_abyss_or_decor_slice, uniq_boris, uniq_vv
Zot:1:    layout_onion_interference
Zot:2:    layout_concentric_octagons
Zot:3:    layout_misc_corridors, amethyst_zot_foddershock
Zot:4:    layout_gridville, hangedman_zot_decor_checkerboard, lemuel_elevator,
          uniq_tiamat
Zot:5:    layout_basic

Skill      XL: |  1  2  3  4  5  6  7  8  9 10 11 12 13 14 15 16 17 18 19 20 21 22 23 24 25 |
---------------+----------------------------------------------------------------------------+-----
Fighting       | 4 5 6 7 9 11 13 15 16 17 18 19 21 23 26 27 | 27.0
Polearms       | 3 |  3.0
Armour         | 4 5 6 7 9 11 13 14 15 16 17 20 21 22 25 | 25.0
Shields        | 4 7 10 12 14 17 20 21 | 21.0
Dodging        | 1 2 3 4 5 6 7 9 10 12 13 15 17 | 17.4
Throwing       | 1 2 3 5 6 7 8 10 11 12 13 15 18 | 18.0
Stealth        | 1 2 3 4 6 |  6.0
Invocations    | 1 4 5 7 9 10 | 10.0
Evocations     | 3 5 6 8 10 | 10.0
Maces & Flails | 3 9 11 13 15 17 18 20 21 | 21.6

Action                     |  1- 3 |  4- 6 |  7- 9 | 10-12 | 13-15 | 16-18 | 19-21 | 22-24 | 25-27 || total
---------------------------+-------+-------+-------+-------+-------+-------+-------+-------+-------++-------
  Melee: Trident           |   109 |   105 |    17 |     9 |       |       |       |       |       ||   240
         Headbutt          |     7 |    15 |    62 |   132 |   323 |   357 |   467 |   554 |   115 ||  2032
         Whip              |       |       |   221 |    74 |  1047 |   125 |       |       |       ||  1467
         Hand axe          |       |       |    67 |   507 |       |       |       |       |       ||   574
         Morningstar       |       |       |       |       |   113 |  1201 |  1548 |  1568 |   304 ||  4734
  Throw: Javelin           |       |       |       |    30 |   122 |    91 |   153 |    62 |    41 ||   499
         Dart              |       |       |       |     2 |       |       |       |       |       ||     2
         Boomerang         |       |       |       |    24 |    29 |   242 |    95 |   445 |    55 ||   890
 Invoke: Heroism           |       |       |     2 |     6 |    12 |     8 |     5 |    11 |     6 ||    50
         Finesse           |       |       |       |       |       |     1 |       |     1 |     1 ||     3
  Evoke: Condenser vane    |       |       |       |     1 |       |       |       |       |       ||     1
         Wand              |       |       |       |       |       |       |       |     1 |     9 ||    10
    Use: Potion            |       |     1 |       |     3 |     4 |     7 |     6 |    20 |    26 ||    67
         Scroll            |       |       |     8 |    10 |    12 |     2 |     3 |    15 |     8 ||    58
   Stab: Confused          |       |       |       |     1 |       |       |       |       |       ||     1
         Paralysed         |       |       |       |       |       |       |       |     1 |       ||     1
 Armour: Scale mail        |    38 |    26 |    23 |       |       |       |       |       |       ||    87
         Plate armour      |       |       |   148 |   319 |   238 |   335 |   313 |   220 |       ||  1573
         Ice dragon scales |       |       |       |       |   156 |       |       |       |       ||   156
         Crystal plate arm |       |       |       |       |       |       |       |   212 |    51 ||   263
  Dodge: Dodged            |    32 |    35 |   160 |   446 |   402 |   266 |   214 |   375 |    42 ||  1972
  Block: Buckler           |    21 |    15 |    89 |   192 |    79 |       |       |       |       ||   396
         Tower shield      |       |       |       |       |   554 |  1340 |  1537 |  2083 |   304 ||  5818
         Reflection        |       |       |       |       |       |   164 |   105 |    59 |    12 ||   340

Table legend: (Time is in decaauts)
 A = Elapsed time spent in this place.
 B = Non-inter-level travel time spent in this place.
 C = Inter-level travel time spent in this place.
 D = Time resting spent in this place.
 E = Time spent auto-exploring this place.
 F = Levels seen in this place.
 G = Mean time per level.
                   A        B        C        D        E       F      G
               +--------+--------+--------+--------+--------+-----+--------+
         Total |  68878 |  59559 |   9319 |   8107 |  27416 |  56 | 1230.0 |
       Dungeon |  16580 |  13909 |   2671 |    920 |   9014 |  15 | 1105.3 |
        Temple |     76 |     18 |     58 |      0 |      0 |   1 |   76.0 |
          Lair |   8436 |   7432 |   1004 |    800 |   4265 |   5 | 1687.2 |
        Shoals |   5884 |   5290 |    594 |    546 |   1784 |   4 | 1471.0 |
     Snake Pit |   7415 |   6689 |    726 |   1016 |   3508 |   4 | 1853.8 |
    Slime Pits |   1391 |   1193 |    198 |    291 |      0 |   5 |  278.2 |
  Orcish Mines |   2257 |   2042 |    215 |    445 |    525 |   2 | 1128.5 |
   Elven Halls |   4982 |   4455 |    527 |    180 |   1967 |   3 | 1660.7 |
        Vaults |   9420 |   8223 |   1197 |   1261 |   3648 |   5 | 1884.0 |
        Depths |   6162 |   5577 |    585 |    699 |   2703 |   4 | 1540.5 |
           Zot |   5886 |   4345 |   1541 |   1813 |      0 |   5 | 1177.2 |
        Bazaar |    112 |    112 |      0 |      0 |      0 |   1 |  112.0 |
         Trove |     50 |     50 |      0 |      0 |      0 |   1 |   50.0 |
      Ice Cave |    221 |    221 |      0 |    134 |      0 |   1 |  221.0 |
               +--------+--------+--------+--------+--------+-----+--------+

Top non-repeatable levels by time:
   Zot:5: 3174 daAuts
  Lair:2: 2457 daAuts
 Snake:4: 2302 daAuts
Vaults:2: 2286 daAuts
   Elf:3: 2091 daAuts
Vaults:1: 2029 daAuts
Depths:4: 2004 daAuts
 Snake:2: 1982 daAuts
  Lair:5: 1965 daAuts
Shoals:4: 1930 daAuts
 Snake:3: 1898 daAuts
Vaults:3: 1888 daAuts
   Orc:2: 1803 daAuts
   Elf:2: 1789 daAuts
Vaults:5: 1711 daAuts
